[Event "Titled Tuesday Blitz August 16 Early 2022"]
[White "Atanasov, Anthony"]
[Black "Zou, Chen"]
[WhiteFideId "2623897"]
[BlackFideId "8610959"]
[WhiteElo "1928"]
[BlackElo "2276"]
[Result "1/2-1/2"]
[Round "09"]
[TimeControl "180+1"]
[Date "2022.08.16"]
[WhiteClock "0:00:07"]
[BlackClock "0:00:07"]

1. d4 Nf6 2. Nf3 d5 3. Bf4 Bf5 4. c4 e6 5. Nc3 Bd6 6. Qa4+ c6 7. Bg3 O-O 8. e3 Bxg3 9. hxg3 Nbd7 10. Be2 a5 11. Nh4 Nb6 12. Qd1 Nxc4 13. Nxf5 exf5 14. Bxc4 dxc4 15. Qf3 Qd7 16. Qf4 b5 17. Qg5 Rfe8 18. Rh6 Qxd4 19. Rd1 Qe5 20. Rd4 c5 21. Rdh4 b4 22. Ne2 c3 23. bxc3 bxc3 24. Rc4 Rab8 25. Nxc3 Rb4 26. Rhh4 Ne4 27. Nxe4 Qa1+ 28. Ke2 Rxc4 29. Nf6+ Qxf6 30. Qxf6 gxf6 31. Rxc4 Rc8 32. Ra4 Kf8 33. Rxa5 Ke7 34. Kd3 c4+ 35. Kc3 Ke6 36. Ra4 h5 37. Rxc4 Ra8 38. a4 Ke5 39. Kd3 Rd8+ 40. Ke2 Rb8 41. Kf3 Rb2 42. a5 Ra2 43. Rc5+ Ke6 44. Rb5 Ra4 45. Rb6+ Ke5 46. Ra6 Ra1 47. Ra8 Ke6 48. a6 Ra4 49. Ra7 Ra3 50. Ra8 Ra4 51. Re8+ Kd7 52. Rf8 Ke7 53. Rh8 Rxa6 54. Rxh5 Ke6 55. Rh4 Ra5 56. Rb4 Ra6 57. Rb5 Rc6 58. Kf4 Rc4+ 59. Kf3 Rc6 60. Ra5 Rb6 61. Ra4 Rc6 62. Ke2 Rc2+ 63. Ke1 Rc6 64. Ra2 Rc1+ 65. Ke2 Rc6 66. Rd2 Rb6 67. Rc2 Ra6 68. Kd2 Rb6 69. Kd3 Rd6+ 70. Kc4 Rc6+ 71. Kb3 Rb6+ 72. Kc3 Rc6+ 73. Kd2 Rd6+ 74. Kc1 Ra6 75. Rb2 Rc6+ 76. Kd2 Rd6+ 77. Kc3 Ra6 78. Kd4 Ra4+ 79. Kc5 Ra5+ 80. Kc6 Ra1 81. Kc7 Rg1 82. f3 Re1 83. Rb6+ Ke7 84. Rb3 Re2 85. Kc6 Rxg2 86. Kd5 Rxg3 87. f4 Kf8 88. Kd4 Kg7 89. Rb5 Kg6 90. Rb8 Kg7 91. Rb5 Kg6 92. Ra5 Rg1 93. Kd3 Rd1+ 94. Ke2 Rd8 95. Kf3 Rh8 96. Ra1 Rh3+ 97. Kf2 Rh2+ 98. Kg3 Rb2 99. Rd1 Kg7 100. Rg1 Kf8 101. Kf3 Ke7 102. Rg8 Rb1 103. Rc8 Ke6 104. Rc7 Ra1 105. Ke2 Ra2+ 106. Kf3 Ra1 107. Rc6+ Ke7 108. Rb6 Ra2 109. Rb5 Ra1 110. Rxf5 Ke6 111. Rb5 Ra8 112. Ke4 Ra4+ 113. Kf3 Ra1 114. Rb6+ Ke7 115. Rb7+ Ke6 116. Rc7 Ra4 117. Rb7 Ra1 118. Rb8 Rc1 119. Re8+ Kd7 120. Rg8 f5 121. Rg7 Ke6 122. Rh7 Kf6 123. Rh6+ Kg7 124. Ra6 Rb1 125. Ra5 Kg6 126. Ra6+ f6 127. Ke2 Rb2+ 128. Kd3 Rb8 129. Kd4 Rd8+ 130. Kc4 Re8 131. Kd3 Rd8+ 132. Ke2 Rh8 133. Ra5 Rh2+ 134. Kd3 Rh3 135. Kd4 Rg3 136. Ra3 Rh3 137. Kd5 Rh1 138. Ke6 Re1 139. Rb3 Re2 140. Ke7 Re1 141. Kf8 Re2 142. Rc3 Re1 143. Kg8 Rb1 144. Rc8 Rb3 145. Re8 Rb7 146. Kf8 Kh5 147. Re7 Rb6 148. Kf7 Kg4 149. Re6 Rb7+ 150. Kxf6 Rb8 151. Re5 Rb6+ 152. Kf7 Ra6 153. Ke7 Ra7+ 154. Kf6 Ra6+ 155. Re6 Ra3 156. Kg6 Ra5 157. Re5 Ra6+ 158. Kg7 Rb6 159. Re7 Ra6 160. Kf8 Rb6 161. Ke8 Ra6 162. Kd7 Ra3 163. Re5 Ra6 164. Kc7 Rg6 165. Kd7 Ra6 166. Re6 Ra5 167. Kd6 Ra6+ 168. Kd5 Ra5+ 169. Kd4 Ra4+ 170. Kd3 Ra3+ 171. Ke2 Ra2+ 172. Kf1 Kf3 173. Kg1 Re2 174. Re5 Rxe3 175. Rxf5 Kg3 176. Rg5+ Kf3 177. Rg7 Kxf4 178. Kg2 Re5 179. Rf7+ Ke4 180. Rb7 Rd5 181. Kf2 Rd4 182. Rc7 Rd5 183. Rc4+ Ke5 184. Rc8 Kd6 185. Rg8 Kc6 186. Ke3 Rd6 187. Ke4 Re6+ 188. Kd4 Re1 189. Kc4 Rc1+ 190. Kd3 Rf1 191. Kc2 1/2-1/2


[Site "https://www.chess.com"]

[Event "Titled Tuesday Blitz August 16 Early 2022"]
[White "Baches Garcia, Guillermo"]
[Black "Rostovtsev, Dmitry"]
[WhiteFideId "2209764"]
[BlackFideId "34278320"]
[WhiteElo "2530"]
[BlackElo "2295"]
[Result "1/2-1/2"]
[Round "09"]
[TimeControl "180+1"]
[Date "2022.08.16"]
[WhiteClock "0:00:11"]
[BlackClock "0:00:46"]

1. e4 c5 2. Nf3 d6 3. d4 cxd4 4. Nxd4 Nf6 5. Nc3 Nc6 6. Nd5 e6 7. Nxf6+ Qxf6 8. Nb5 Qd8 9. c4 a6 10. Nc3 Be7 11. Be2 O-O 12. O-O b6 13. Be3 Rb8 14. f4 Bd7 15. Qd2 Re8 16. Rab1 Bf8 17. b4 Qc7 18. Rfc1 Qa7 19. a4 Red8 20. a5 Qc7 21. axb6 Rxb6 22. Bxb6 Qxb6+ 23. Kh1 Nxb4 24. Na2 a5 25. Nxb4 axb4 26. Rxb4 Qf2 27. Rf1 Qc5 28. Rfb1 Bc6 29. Bf3 d5 30. cxd5 exd5 31. exd5 Bxd5 32. Rb8 Rxb8 33. Rxb8 Bxf3 34. gxf3 Qc6 35. Kg2 Qc5 36. Qd8 Qc2+ 37. Kg3 Qg6+ 38. Kf2 Qc2+ 39. Kg3 Qg6+ 40. Kf2 Qc2+ 41. Kg3 1/2-1/2


[Site "https://www.chess.com"]

[Event "Titled Tuesday Blitz August 16 Early 2022"]
[White "Balabayeva, Xeniya"]
[Black "Matveeva, Olga"]
[WhiteFideId "13719688"]
[BlackFideId "24107018"]
[WhiteElo "1895"]
[BlackElo "2052"]
[Result "1-0"]
[Round "09"]
[TimeControl "180+2"]
[Date "2022.08.18"]
[WhiteClock "0:00:00"]
[BlackClock "0:00:00"]

1. e4 e6 2. d4 d5 3. Nd2 c5 4. Ngf3 cxd4 5. Nxd4 Nc6 6. Nxc6 bxc6 7. Bd3 e5 8. exd5 cxd5 9. Qe2 Bd6 10. c4 d4 11. Nf3 Qe7 12. Be4 Rb8 13. Bc6+ Kf8 14. O-O Bg4 15. Re1 Bxf3 16. Qxf3 Nf6 17. Bg5 h6 18. Bxf6 Qxf6 19. Qe2 g6 20. a3 a5 21. Rab1 Kg7 22. Bb5 Rhd8 23. b4 axb4 24. axb4 Qf4 25. c5 Bc7 26. g3 Qg5 27. Bd3 f5 28. b5 e4 29. b6 Bxb6 30. cxb6 exd3 31. Qxd3 Rd7 32. Re6 Qd8 33. Rb4 h5 34. h4 Kh7 35. Rc6 Rbb7 36. Re6 Qb8 37. Rxd4 Qd8 38. Red6 Rxd6 39. Rxd6 Qe7 40. Qd5 Qe1+ 41. Kg2 Qe4+ 42. Qxe4 fxe4 43. Kf1 Kg7 44. Ke2 Kf7 45. Ke3 Re7 46. Rc6 Ke8 47. Rxg6 Kd7 48. Rh6 1-0


[Site "https://www.chess.com"]

[Event "Titled Tuesday Blitz August 16 Early 2022"]
[White "Begunov, Konstantin"]
[Black "Krsnik Cohar, Ivan Vihor"]
[WhiteFideId "4118510"]
[BlackFideId "14520044"]
[WhiteElo "2262"]
[BlackElo "2414"]
[Result "0-1"]
[Round "09"]
[TimeControl "180+1"]
[Date "2022.08.16"]
[WhiteClock "0:00:23"]
[BlackClock "0:00:09"]

1. d4 Nf6 2. c4 e6 3. Nf3 Bb4+ 4. Nbd2 b6 5. a3 Be7 6. e4 d6 7. e5 dxe5 8. dxe5 Nfd7 9. Ne4 Bb7 10. Bd3 Nc5 11. Nxc5 Bxc5 12. O-O O-O 13. b4 Be7 14. Qe2 a5 15. Rd1 Qe8 16. Ng5 h6 17. Nh7 Qc6 18. f3 axb4 19. Nxf8 Qc5+ 20. Be3 Qxe5 21. f4 Qf6 22. Nh7 Qh4 23. axb4 Rxa1 24. Rxa1 Nc6 25. b5 Nb4 26. Ra7 Nxd3 27. Rxb7 Nxf4 28. Bxf4 Qxf4 29. Qd3 Bc5+ 30. Kh1 Qc1+ 31. Qd1 Qxd1# 0-1


[Site "https://www.chess.com"]

[Event "Titled Tuesday Blitz August 16 Early 2022"]
[White "Belov, Vladimir"]
[Black "Nazari, Arad"]
[WhiteFideId "4132394"]
[BlackFideId "12577324"]
[WhiteElo "2501"]
[BlackElo "2129"]
[Result "0-1"]
[Round "09"]
[TimeControl "180+1"]
[Date "2022.08.16"]
[WhiteClock "0:00:02"]
[BlackClock "0:00:44"]

1. d4 Nf6 2. c4 g6 3. Nc3 d5 4. cxd5 Nxd5 5. e4 Nxc3 6. bxc3 Bg7 7. Nf3 c5 8. h3 Qa5 9. Bd2 O-O 10. Be2 Rd8 11. O-O Qa3 12. Bg5 cxd4 13. cxd4 Nc6 14. d5 Ne5 15. Rc1 Nxf3+ 16. Bxf3 Be5 17. Be2 f6 18. Be3 b6 19. Bc4 Bd7 20. Qd2 Rac8 21. Bb3 Kh8 22. f4 Bb2 23. Rxc8 Rxc8 24. Kh1 Bb5 25. Rb1 Bc3 26. Qf2 Bd3 27. Rc1 Bxe4 28. Bd2 Qb2 29. Qe1 Rc7 30. d6 exd6 31. f5 Bxd2 32. Rxc7 Bxe1 33. fxg6 Qxg2# 0-1


[Site "https://www.chess.com"]

[Event "Titled Tuesday Blitz August 16 Early 2022"]
[White "Bintang, Rasyid A. Hidayat"]
[Black "Tologon tegin, Semetei"]
[WhiteFideId "7105355"]
[BlackFideId "13800574"]
[WhiteElo "2409"]
[BlackElo "2174"]
[Result "0-1"]
[Round "09"]
[TimeControl "180+1"]
[Date "2022.08.16"]
[WhiteClock "0:01:37"]
[BlackClock "0:02:07"]

1. d4 b6 2. e4 Bb7 3. Nc3 e6 4. Bf4 Bb4 5. Qd3 Nf6 6. f3 d5 7. e5 Nfd7 8. a3 Ba6 9. Qe3 Bxf1 10. Kxf1 Bxc3 11. Qxc3 c5 12. Qe3 cxd4 13. Qxd4 Nc6 14. Qa4 Qc7 15. Re1 O-O 16. c3 Ncxe5 17. Qc2 Qc4+ 18. Ne2 Nd3 19. b3 Nxe1 20. Kxe1 Qc5 21. Qd3 Qxa3 22. b4 a5 23. bxa5 Rxa5 24. Bc1 Qa2 25. Kf2 Nc5 26. Qd4 Nb3 27. Be3 Nxd4 0-1


[Site "https://www.chess.com"]

[Event "Titled Tuesday Blitz August 16 Early 2022"]
[White "Blanco Ronquillo, Humberto L."]
[Black "Ginzburg, Yakov"]
[WhiteFideId "3504239"]
[BlackFideId "4157176"]
[WhiteElo "2425"]
[BlackElo "2265"]
[Result "1-0"]
[Round "09"]
[TimeControl "180+2"]
[Date "2022.08.18"]
[WhiteClock "0:00:00"]
[BlackClock "0:00:00"]

1. d4 b6 2. e4 Bb7 3. Nd2 e6 4. Ngf3 c5 5. c3 Nf6 6. Bd3 d5 7. e5 Ne4 8. O-O Be7 9. Qe2 Nxd2 10. Bxd2 Nc6 11. a3 a5 12. Be3 Qc8 13. Rac1 Ba6 14. c4 dxc4 15. Bxc4 O-O 16. dxc5 Bxc5 17. Bxa6 Rxa6 18. Bxc5 bxc5 19. Rxc5 Qb7 20. Rfc1 Rb6 21. R1c2 h6 22. h4 Rd8 23. Qe4 Rd1+ 24. Kh2 Ne7 25. Qe2 Rd5 26. Rc7 Qb8 27. Rxe7 g5 28. hxg5 hxg5 29. Qe4 Rb3 30. Rxf7 Kxf7 31. Nxg5+ Kf8 32. Qf4+ Kg7 33. Qf6+ Kg8 34. Qf7+ Kh8 35. Qh7# 1-0


[Site "https://www.chess.com"]

[Event "Titled Tuesday Blitz August 16 Early 2022"]
[White "Bolanos, Fernando"]
[Black "Kostiukov, Alexandr"]
[WhiteFideId "3304094"]
[BlackFideId "14108100"]
[WhiteElo "2086"]
[BlackElo "2202"]
[Result "0-1"]
[Round "09"]
[TimeControl "180+2"]
[Date "2022.08.18"]
[WhiteClock "0:00:00"]
[BlackClock "0:00:00"]

1. e4 c5 2. Nf3 g6 3. d4 cxd4 4. Nxd4 Bg7 5. c4 Nc6 6. Be3 Nf6 7. Nc3 O-O 8. Be2 d6 9. O-O Nxd4 10. Bxd4 Qa5 11. Rb1 Be6 12. Re1 Rfc8 13. b4 Qd8 14. Nd5 Nd7 15. Bxg7 Kxg7 16. Qd4+ f6 17. Nf4 Bf7 18. Rec1 e5 19. Qd5 Bxd5 0-1


[Site "https://www.chess.com"]

[Event "Titled Tuesday Blitz August 16 Early 2022"]
[White "Brodowski, Piotr"]
[Black "Papayan, Oleg"]
[WhiteFideId "1124480"]
[BlackFideId "4193911"]
[WhiteElo "2312"]
[BlackElo "2038"]
[Result "1-0"]
[Round "09"]
[TimeControl "180+2"]
[Date "2022.08.18"]
[WhiteClock "0:00:00"]
[BlackClock "0:00:00"]

1. e4 e5 2. Nf3 Nc6 3. Bb5 a6 4. Ba4 Nf6 5. O-O b5 6. Bb3 Bc5 7. d3 d6 8. h3 O-O 9. a4 Bb7 10. Bg5 h6 11. Bh4 g5 12. Bg3 Nh5 13. Bh2 Nf4 14. Nc3 Ne7 15. axb5 axb5 16. Rxa8 Bxa8 17. Nxb5 Neg6 18. Nc3 Kg7 19. Ne2 f5 20. Ng3 fxe4 21. dxe4 Nxg2 22. Kxg2 Nf4+ 23. Kh1 Nxh3 24. Nf5+ Rxf5 25. exf5 g4 26. Bd5 Nxf2+ 27. Rxf2 Bxf2 28. Nxe5 dxe5 29. Qxg4+ Qg5 30. Bxe5+ Kf8 31. Qb4+ Ke8 32. Qb8+ Qd8 33. Qxd8+ Kxd8 34. Bxa8 1-0


[Site "https://www.chess.com"]

[Event "Titled Tuesday Blitz August 16 Early 2022"]
[White "Buscar, Michael"]
[Black "Fiorito, Joaquin"]
[WhiteFideId "2603616"]
[BlackFideId "180173"]
[WhiteElo "2010"]
[BlackElo "1758"]
[Result "0-1"]
[Round "09"]
[TimeControl "180+2"]
[Date "2022.08.18"]
[WhiteClock "0:00:00"]
[BlackClock "0:00:00"]

1. Nf3 d5 2. g3 Nf6 3. Bg2 Bf5 4. O-O e6 5. d3 Be7 6. Nbd2 h6 7. c4 c6 8. a3 a5 9. b3 O-O 10. Bb2 Nbd7 11. Ne5 Bh7 12. Ndf3 Bd6 13. cxd5 exd5 14. Nxd7 Nxd7 15. Qd2 Re8 16. Qc3 Ne5 17. b4 Qf6 18. bxa5 Nxf3+ 19. Bxf3 Be5 20. d4 Bc7 21. Qb3 Bxa5 22. Bc3 Bxc3 23. Qxc3 Ra4 24. Qb3 b5 25. Rac1 Rea8 26. Rc3 Rxa3 27. Qxa3 Rxa3 28. Rxa3 Bf5 29. Rc1 Bh3 30. Ra6 Qxd4 31. Raxc6 b4 32. e3 Qd3 33. Rd1 Qa3 34. Bxd5 b3 35. Rb6 b2 36. Rb1 h5 37. Rb8+ Kh7 38. R8xb2 Bf5 39. Ra2 Qd3 40. Re1 Qxd5 41. Rae2 Qf3 42. e4 Bh3 0-1


[Site "https://www.chess.com"]

[Event "Titled Tuesday Blitz August 16 Early 2022"]
[White "Cannon, David"]
[Black "Sargissyan, Sargis"]
[WhiteFideId "3213110"]
[BlackFideId "13303210"]
[WhiteElo "1901"]
[BlackElo "2102"]
[Result "1-0"]
[Round "09"]
[TimeControl "180+2"]
[Date "2022.08.18"]
[WhiteClock "0:00:00"]
[BlackClock "0:00:00"]

1. d4 Nf6 2. c4 g6 3. Nc3 d5 4. cxd5 Nxd5 5. g3 Bg7 6. Bg2 Nb6 7. e3 O-O 8. Nge2 e5 9. O-O exd4 10. exd4 Nc6 11. d5 Ne5 12. Be3 Bg4 13. h3 Bf5 14. Bd4 Nec4 15. b3 Nd6 16. g4 Bd7 17. Qd2 f5 18. g5 Bxd4 19. Nxd4 f4 20. Nf3 Qe7 21. Rfe1 Qg7 22. Re5 Rae8 23. Rae1 Rxe5 24. Rxe5 a5 25. h4 Bg4 26. Qe1 a4 27. Nh2 Bf5 28. Bf3 axb3 29. axb3 Nf7 30. Re7 Qd4 31. Rxc7 Nd6 32. Qe7 1-0


[Site "https://www.chess.com"]

[Event "Titled Tuesday Blitz August 16 Early 2022"]
[White "Carrasco Miranda, Andres"]
[Black "Omariev, Maksim"]
[WhiteFideId "3405990"]
[BlackFideId "4193423"]
[WhiteElo "2177"]
[BlackElo "2304"]
[Result "0-1"]
[Round "09"]
[TimeControl "180+2"]
[Date "2022.08.18"]
[WhiteClock "0:00:00"]
[BlackClock "0:00:00"]

1. d4 d5 2. c4 e6 3. Nf3 Nf6 4. g3 Be7 5. Bg2 O-O 6. O-O dxc4 7. Qc2 a6 8. a4 Nc6 9. Qxc4 Nb4 10. Nc3 b5 11. Qb3 bxa4 12. Nxa4 Bb7 13. Nc3 c5 14. Rd1 Qc8 15. dxc5 Qxc5 16. Be3 Qh5 17. Rd4 Nfd5 18. Nxd5 Bxd5 19. Qa4 a5 20. Bd2 Rfb8 21. Bc3 h6 22. Rad1 Bc5 23. Rh4 Qg6 24. Ne5 Qh7 25. Nd7 Rc8 26. Nxc5 Rxc5 27. Bxb4 axb4 28. Qxb4 Rac8 29. Bxd5 exd5 30. Rhd4 Qf5 31. e3 Qe6 32. b3 Qc6 33. Qd2 Rb5 34. Qd3 Qb7 35. Rxd5 Rxb3 36. Rd8+ Rxd8 37. Qxd8+ Kh7 38. Qd5 Qxd5 39. Rxd5 g6 40. g4 Kg7 41. Kg2 Rb4 42. Rd4 Rb5 43. h4 Ra5 44. Kg3 h5 45. g5 Rf5 46. f4 Ra5 47. Rd3 Ra1 48. f5 Rg1+ 49. Kf4 Rf1+ 50. Ke4 Rxf5 51. Rd4 Rf1 52. Kd3 Rg1 53. Rf4 Kf8 54. Ke4 Ke7 55. Kf3 Ke6 56. Rf6+ Ke7 57. Rf4 Rh1 58. Kg2 Re1 59. Kf2 Ra1 60. Kf3 Ra3 61. Re4+ Kd6 62. Rf4 Ke7 63. Re4+ Kf8 64. Rf4 Ra1 65. Rb4 Ra5 66. Rb8+ Ke7 67. Rb7+ Ke6 68. Rb6+ Ke7 69. Rb7+ Kf8 70. Rb8+ Kg7 71. Rb4 Rf5+ 72. Rf4 Re5 73. Ra4 Kf8 74. Ra8+ Ke7 75. Ra7+ Ke6 76. Ra6+ Ke7 77. Ra7+ Kf8 78. Ra8+ Kg7 79. Ra4 Rb5 80. Rc4 Rb1 81. Ra4 Rh1 82. Rb4 Rh3+ 83. Kf2 Rh2+ 84. Kg3 Re2 85. Kf3 Re1 86. Ra4 Rf1+ 87. Kg3 Kf8 88. Ra8+ Ke7 89. Ra7+ Ke6 90. Ra4 Ke5 91. Kg2 Re1 92. Kf3 Rf1+ 93. Kg2 Rf5 94. Rb4 Kd5 95. Ra4 Re5 96. Kf3 Rf5+ 97. Kg3 Rf1 98. Kg2 Re1 99. Kf3 Ke5 0-1


[Site "https://www.chess.com"]

[Event "Titled Tuesday Blitz August 16 Early 2022"]
[White "Clawitter, Craig"]
[Black "Salman, Pavel"]
[WhiteFideId "2023105"]
[BlackFideId "24153753"]
[WhiteElo "2050"]
[BlackElo "2143"]
[Result "0-1"]
[Round "09"]
[TimeControl "180+2"]
[Date "2022.08.18"]
[WhiteClock "0:00:00"]
[BlackClock "0:00:00"]

1. e4 c5 2. Nf3 e6 3. d4 cxd4 4. Nxd4 a6 5. Bd3 Bc5 6. Nb3 Ba7 7. Nc3 Ne7 8. Qe2 e5 9. Be3 Nbc6 10. Bxa7 Rxa7 11. O-O-O d6 12. Kb1 b5 13. f4 b4 14. Nd5 a5 15. f5 Nxd5 16. exd5 Ne7 17. f6 gxf6 18. Qf2 Rb7 19. Qxf6 O-O 20. Rhf1 a4 21. Nd2 Ng6 22. Qf2 b3 23. cxb3 axb3 24. Nxb3 Bd7 25. Rc1 Qb8 26. g3 Ba4 27. h4 Bxb3 28. axb3 Rxb3 29. Bf5 Qb4 30. h5 Rb8 31. Rc2 Ra8 32. Bxg6 Qa4 0-1


[Site "https://www.chess.com"]

[Event "Titled Tuesday Blitz August 16 Early 2022"]
[White "Costachi, Mihnea"]
[Black "Skawinski, Arkadiusz"]
[WhiteFideId "1217518"]
[BlackFideId "1126415"]
[WhiteElo "2437"]
[BlackElo "2149"]
[Result "1-0"]
[Round "09"]
[TimeControl "180+1"]
[Date "2022.08.16"]
[WhiteClock "0:00:34"]
[BlackClock "0:00:09"]

1. e4 e6 2. Qe2 e5 3. Nc3 Nc6 4. Nf3 Nf6 5. g3 Bc5 6. Bg2 O-O 7. O-O a6 8. d3 d6 9. h3 Re8 10. Be3 Nd4 11. Qd1 Nc6 12. Nh4 Ne7 13. d4 exd4 14. Bxd4 Bxd4 15. Qxd4 Nc6 16. Qd2 Be6 17. f4 Qd7 18. Kh2 Bc4 19. Rfe1 a5 20. b3 Ba6 21. Rad1 Rad8 22. Nf5 Ne7 23. Nd4 Ng6 24. Nd5 Nxd5 25. exd5 b6 26. Nc6 Ra8 27. c4 Rxe1 28. Rxe1 Re8 29. Re3 Kf8 30. Qe2 Rxe3 31. Qxe3 Qe8 32. Qd2 Bb7 33. Nd4 Bc8 34. Kg1 Bd7 35. Kf2 Qe7 36. a3 Qf6 37. Kg1 Ne7 38. b4 axb4 39. axb4 Nf5 40. Nxf5 Qxf5 41. Qa2 Qd3 42. Kh2 h5 43. h4 Bg4 44. c5 bxc5 45. bxc5 Bf3 46. cxd6 cxd6 47. Qa8+ Ke7 48. Qb7+ Kf6 49. Qc6 Bxg2 50. Qxd6+ Kf5 51. Qe5+ Kg4 52. Kxg2 Qd2+ 53. Kf1 Qd1+ 54. Kf2 Qf3+ 55. Ke1 Qxg3+ 56. Kd2 Qf2+ 57. Kd3 Qf1+ 58. Kd4 Qd1+ 59. Kc5 Qc2+ 60. Kb6 Qb3+ 61. Kc7 Qc4+ 62. Kd8 Kxh4 63. Qg5+ Kh3 64. Qxh5+ Kg3 65. Qg5+ Kf3 66. Qe5 f6 67. Qf5 Ke3 68. d6 Qg8+ 69. Ke7 1-0


[Site "https://www.chess.com"]

[Event "Titled Tuesday Blitz August 16 Early 2022"]
[White "Csonka, Balazs"]
[Black "Rostomyan, Mikayel"]
[WhiteFideId "742910"]
[BlackFideId "13313754"]
[WhiteElo "2404"]
[BlackElo "1426"]
[Result "1-0"]
[Round "09"]
[TimeControl "180+1"]
[Date "2022.08.16"]
[WhiteClock "0:00:07"]
[BlackClock "0:00:15"]

1. Nf3 d5 2. c4 c6 3. d4 Bf5 4. Qb3 Qb6 5. cxd5 Qxb3 6. axb3 cxd5 7. Nc3 e6 8. Nb5 Bb4+ 9. Bd2 Bxd2+ 10. Kxd2 Kd8 11. Ne5 Nh6 12. Nd6 Ke7 13. Nxb7 f6 14. Nd3 Nc6 15. e3 Rhb8 16. Nbc5 Nf7 17. Be2 Nd6 18. Rhc1 Nb4 19. Nxb4 Rxb4 20. f3 a5 21. Ra4 g5 22. Rca1 Rxa4 23. Rxa4 e5 24. b4 Rb8 25. bxa5 Rxb2+ 26. Ke1 Bc2 27. Ra1 Nc8 28. a6 Na7 29. g3 Bf5 30. Rc1 Bc8 31. Nb7 Bxb7 32. Rc7+ Kd6 33. Rxb7 Rxb7 34. axb7 Nc6 35. Bb5 Nb8 36. dxe5+ fxe5 37. Kd2 Kc7 38. f4 gxf4 39. exf4 exf4 40. gxf4 Kxb7 41. Kc3 Nc6 42. Bxc6+ Kxc6 43. Kd4 Kd6 44. f5 h6 45. h3 h5 46. h4 Kc6 47. Ke5 Kc5 48. f6 d4 49. f7 Kc4 50. f8=Q d3 51. Qf3 Kc3 52. Qxh5 Kc2 53. Qf3 d2 54. Qe2 1-0


[Site "https://www.chess.com"]

[Event "Titled Tuesday Blitz August 16 Early 2022"]
[White "D`Arruda, Ricardo D."]
[Black "Senthil Maran K"]
[WhiteFideId "100692"]
[BlackFideId "25035681"]
[WhiteElo "2501"]
[BlackElo "2124"]
[Result "0-1"]
[Round "09"]
[TimeControl "180+1"]
[Date "2022.08.16"]
[WhiteClock "0:00:29"]
[BlackClock "0:00:27"]

1. Nf3 d5 2. d4 Nf6 3. c4 e6 4. e3 c6 5. Nc3 Nbd7 6. Bd3 dxc4 7. Bxc4 b5 8. Bb3 b4 9. Na4 Ba6 10. Qc2 Qa5 11. Ne5 Rc8 12. Nc4 Qh5 13. O-O Be7 14. Rd1 O-O 15. e4 c5 16. d5 exd5 17. exd5 Nxd5 18. Rxd5 Qxd5 19. Bf4 Bxc4 20. Bxc4 Qc6 21. Re1 Bf6 22. Rd1 Nb6 23. Rd6 Qxa4 0-1


[Site "https://www.chess.com"]

[Event "Titled Tuesday Blitz August 16 Early 2022"]
[White "De La Colina, Nicolas"]
[Black "Mikhalsky, Vladimir"]
[WhiteFideId "30946921"]
[BlackFideId "14144352"]
[WhiteElo "2046"]
[BlackElo "2301"]
[Result "1/2-1/2"]
[Round "09"]
[TimeControl "180+2"]
[Date "2022.08.18"]
[WhiteClock "0:00:00"]
[BlackClock "0:00:00"]

1. e4 g6 2. d4 Bg7 3. Nc3 d6 4. f4 Nf6 5. Nf3 O-O 6. Be3 Ng4 7. Bg1 e5 8. dxe5 dxe5 9. Qxd8 Rxd8 10. h3 Nh6 11. Nd5 Rxd5 12. exd5 exf4 13. Bd4 Nf5 14. Bxg7 Kxg7 15. O-O-O Ne3 16. Rd2 Bf5 17. Nd4 c5 18. Nxf5+ Nxf5 19. Bd3 Ne3 20. c4 Nd7 21. b3 Ne5 22. Bc2 a6 23. Rf2 g5 24. h4 h6 25. hxg5 hxg5 26. Rh5 Kf6 27. Rh6+ Ke7 28. Rb6 Rb8 29. Re2 Nd7 30. Rh6 Nf6 31. Kb2 b5 32. Kc3 bxc4 33. bxc4 Rb4 34. Bb3 a5 35. a3 Rb6 36. Rh8 Ne4+ 37. Kd3 Ng3 38. Rb2 a4 39. Rg8 Rxb3+ 40. Rxb3 axb3 41. Rb8 Kd6 42. Rb6+ Kc7 43. Rxb3 Nef5 44. Rb5 Kd6 45. Rb6+ Kc7 46. Rb5 Nd6 47. Rxc5+ Kd7 48. Ra5 Nge4 49. Ra7+ Kd8 50. Kd4 Nd2 51. Ra8+ Kc7 52. Ra7+ Kb6 53. Re7 N2xc4 54. Rd7 Kb5 55. a4+ Kxa4 56. Kc5 Kb3 57. Rxd6 Nxd6 58. Kxd6 g4 59. Ke5 f3 60. gxf3 gxf3 61. d6 f2 62. d7 f1=Q 63. d8=Q Qe2+ 64. Kf6 Qf3+ 65. Kg7 Qg4+ 66. Kxf7 Qf5+ 67. Kg7 Qg4+ 68. Kh6 Qf4+ 69. Kg6 Qg4+ 70. Kf7 Qf4+ 71. Ke6 Qe4+ 72. Kd7 Qd5+ 73. Kc8 Qxd8+ 74. Kxd8 1/2-1/2


[Site "https://www.chess.com"]

[Event "Titled Tuesday Blitz August 16 Early 2022"]
[White "Delorme, Axel"]
[Black "Yurasova, Daria"]
[WhiteFideId "632023"]
[BlackFideId "34146919"]
[WhiteElo "2474"]
[BlackElo "2021"]
[Result "0-1"]
[Round "09"]
[TimeControl "180+2"]
[Date "2022.08.18"]
[WhiteClock "0:00:00"]
[BlackClock "0:00:00"]

1. d4 d5 2. Nf3 Nf6 3. e3 Bf5 4. c4 e6 5. Nc3 c5 6. cxd5 Nxd5 7. Bb5+ Nc6 8. Ne5 Qb6 9. Qa4 Rc8 10. Nxd5 exd5 11. Nxc6 bxc6 12. Ba6 Rb8 13. dxc5 Bxc5 14. O-O O-O 15. b3 Bd6 16. Ba3 c5 17. Rac1 Rfd8 18. Be2 Be4 19. Rfd1 Qc7 20. g3 Qe7 21. Qa5 Rbc8 22. Ba6 Rc7 23. Be2 Rdc8 24. Rd2 Qg5 25. Qa6 Rc6 26. Qxa7 h5 27. Qd7 Bf5 28. Qb7 Bh3 29. Rxd5 Qxd5 30. Bc4 Qf5 31. Rd1 Qf3 32. Bd5 Qxd1# 0-1


[Site "https://www.chess.com"]

[Event "Titled Tuesday Blitz August 16 Early 2022"]
[White "Demchenko, Anton"]
[Black "Ramirez Vido, Robert Yorisan"]
[WhiteFideId "4160258"]
[BlackFideId "3513823"]
[WhiteElo "2539"]
[BlackElo "2500"]
[Result "1-0"]
[Round "09"]
[TimeControl "180+1"]
[Date "2022.08.16"]
[WhiteClock "0:00:02"]
[BlackClock "0:00:05"]

1. e4 d6 2. d4 Nf6 3. Nc3 g6 4. Nf3 Bg7 5. Be3 c6 6. Qd2 b5 7. Bd3 Nbd7 8. a4 b4 9. Ne2 a5 10. c3 Rb8 11. O-O O-O 12. Ng3 Ng4 13. Bg5 h6 14. h3 hxg5 15. hxg4 Nf6 16. Nh2 bxc3 17. bxc3 Nxg4 18. Nxg4 Bxg4 19. Qxg5 Bd7 20. Rab1 Bf6 21. Qh6 Bg7 22. Qe3 Qc7 23. Rbe1 c5 24. Bb1 Bxa4 25. e5 Bb5 26. e6 Bxf1 27. exf7+ Rxf7 28. Rxf1 cxd4 29. cxd4 Rxb1 30. Rxb1 Qa7 31. Ne2 a4 32. Ra1 e5 33. Qe4 exd4 34. Nf4 d3 35. Ra2 d2 36. Rxd2 a3 37. Qe6 Qd7 38. Qb3 1-0


[Site "https://www.chess.com"]

[Event "Titled Tuesday Blitz August 16 Early 2022"]
[White "Demin, Vladimir"]
[Black "Koniahli, Malek."]
[WhiteFideId "4167457"]
[BlackFideId "7603495"]
[WhiteElo "2430"]
[BlackElo "2097"]
[Result "1-0"]
[Round "09"]
[TimeControl "180+2"]
[Date "2022.08.18"]
[WhiteClock "0:00:00"]
[BlackClock "0:00:00"]

1. d4 Nf6 2. Nc3 d5 3. Bf4 c6 4. e3 Bf5 5. f3 e6 6. g4 Bg6 7. h4 h5 8. g5 Nfd7 9. Kf2 Na6 10. Nge2 Be7 11. Bg3 Bf5 12. Nf4 c5 13. Nb5 cxd4 14. exd4 g6 15. c3 O-O 16. Bd3 Bxd3 17. Qxd3 Kg7 18. Rae1 Qb6 19. a4 Rae8 20. a5 Qc6 21. Nxa7 Nac5 22. Nxc6 Nxd3+ 23. Nxd3 bxc6 24. b4 Ra8 25. Kg2 Rfc8 26. Ra1 Ra6 27. Rhe1 Kf8 28. Kf2 Ke8 29. Ke2 Bd8 30. Kd2 Bc7 31. Bxc7 Rxc7 32. Kc2 Rb7 33. Kb3 Kd8 34. Nc5 Nxc5+ 35. dxc5 Kd7 36. c4 dxc4+ 37. Kxc4 Ke7 38. Red1 Ra8 39. Rd6 Rab8 40. Ra4 Rc7 41. a6 Ra8 42. f4 Raa7 43. b5 cxb5+ 44. Kxb5 Ra8 45. Rb6 Rac8 46. c6 Ra8 47. Rb7 Kd8 48. Kb6 Rac8 49. Rd4+ 1-0


[Site "https://www.chess.com"]

[Event "Titled Tuesday Blitz August 16 Early 2022"]
[White "Eynullayev, Altay"]
[Black "Girinath, P.D.S."]
[WhiteFideId "13413562"]
[BlackFideId "5000572"]
[WhiteElo "2079"]
[BlackElo "2369"]
[Result "0-1"]
[Round "09"]
[TimeControl "180+2"]
[Date "2022.08.18"]
[WhiteClock "0:00:00"]
[BlackClock "0:00:00"]

1. e4 e6 2. d4 d5 3. e5 c5 4. c3 Nc6 5. Nf3 Nh6 6. Bd3 cxd4 7. Bxh6 gxh6 8. cxd4 Bg7 9. O-O f6 10. exf6 Qxf6 11. Nc3 O-O 12. Ne2 e5 13. dxe5 Nxe5 14. Nxe5 Qxe5 15. Nc3 Kh8 16. Qb3 d4 17. Ne4 Be6 18. Qa4 Bd5 19. Rae1 Rae8 20. a3 Qf4 21. Qc2 Be5 22. Ng3 Re7 23. Qc1 Qh4 24. Qc5 Rd8 25. f4 b6 26. Qb4 Bf6 27. Nf5 Qg4 28. Ng3 Re3 29. Bf5 Rxg3 30. Bxg4 Rxg2+ 31. Kh1 Rxg4+ 0-1


[Site "https://www.chess.com"]